 Dungeon Crawl Stone Soup version 0.19.3-4-gbf9329e (webtiles) character file.

705 TuxedoFelix the Shield-Bearer (level 7, -4/63 HPs)
             Began as a Minotaur Fighter on Jan 27, 2017.
             Splashed with acid (9 damage)
             ... in the Ecumenical Temple.
             The game lasted 00:17:35 (2627 turns).

TuxedoFelix the Shield-Bearer (Minotaur Fighter)    Turns: 2627, Time: 00:17:35

Health: -4/63      AC:  7    Str: 23    XL:     7   Next: 39%
Magic:  6/6        EV:  8    Int:  5    God:
Gold:   132        SH: 11    Dex:  9    Spells: 0 memorised, 6 levels left

rFire  . . .     SeeInvis .     a - +0 long sword
rCold  . . .     Gourm    .     b - +0 scale mail
rNeg   + . .     Faith    .     c - +1 shield
rPois  .         Spirit   .     (helmet restricted)
rElec  .         Reflect  .     (no cloak)
rCorr  .         Harm     .     (no gloves)
MR     .....                    (no boots)
Stlth  ..........               o - amulet of regeneration
                                (no ring)
                                q - ring of positive energy

@: no status effects
A: retaliatory headbutt, horns 2
a: no special abilities


You were in the Ecumenical Temple.
You were not hungry.

You visited 2 branches of the dungeon, and saw 5 of its levels.

You collected 132 gold pieces.

Inventory:

Hand Weapons
 a - a +0 long sword (weapon)
Armour
 b - a +0 scale mail (worn)
 c - a +1 shield (worn)
Jewellery
 g - an uncursed amulet of magic regeneration
 o - an amulet of regeneration (around neck)
 q - a ring of positive energy (left hand)
Scrolls
 e - a scroll of magic mapping {unknown}
 i - a scroll of teleportation {unknown}
 j - a scroll of immolation {unknown}
 k - 2 scrolls of remove curse
 n - a scroll of amnesia
 r - a scroll of enchant armour
 s - a scroll of random uselessness {unknown}
 t - a scroll of fear {unknown}
 u - a scroll of identify {unknown}
Potions
 d - a potion of berserk rage {unknown}
 l - 2 potions of curing
 p - 2 potions of haste {unknown}
Comestibles
 f - 3 bread rations
 h - a beef jerky
 m - 2 chunks of flesh


   Skills:
 + Level 6.1 Fighting
 + Level 4.8 Long Blades
 + Level 6.2 Armour
 + Level 6.3 Shields


You had 6 spell levels left.
You didn't know any spells.

Dungeon Overview and Level Annotations

Branches:
Dungeon (4/15)             Temple (1/1) D:4

Altars:
Ashenzari
Fedhas
Gozag
Kikubaaqudgha
Makhleb
Okawaru
Trog
Uskayaw
Vehumet
The Shining One
Jiyva


Innate Abilities, Weirdness & Mutations

You reflexively headbutt those who attack you in melee.
You have a pair of horns on your head.


Message History

There is a viscous altar of Jiyva here.
There is an ancient bone altar of Kikubaaqudgha here.
There is an opulent altar of Gozag here.
You are splashed with acid!
The wall burns you!
There is a hide-covered altar of Uskayaw here.
You are splashed with acid!
The wall burns you!
You are splashed with acid!
The wall burns you!
You are splashed with acid!
The wall burns you!
There is a viscous altar of Jiyva here.
You are splashed with acid!
The wall burns you!
You are splashed with acid!
The wall burns you!
You are splashed with acid!
The wall burns you!
* * * LOW HITPOINT WARNING * * *
Found a viscous altar of Jiyva and a glowing golden altar of the Shining One.
You are splashed with acid!
The wall burns you!
* * * LOW HITPOINT WARNING * * *
You are splashed with acid!
The wall burns you!
* * * LOW HITPOINT WARNING * * *
You are splashed with acid!
The wall burns you!
You die...

######### #### #
###.......### ##...#.
###..._..._...###..._...
.#.............#........
........................
........<...............
................@.......
.#.............#........
###..._..._...###..._...
# ###.......### ##...#.
######### ####


There were no monsters in sight!

Vanquished Creatures
  The ghost of TuxedoFelix the Shield-Bearer, an amateur MiFi (D:3)
  Menkaure (D:4)
  A phantom (D:4)
  A scorpion (D:3)
  A hound (D:4)
  Natasha (thrice) (D:2)
  A worker ant (D:4)
  Robin (D:2)
  3 adders
  A worm (D:2)
  4 leopard geckos
  2 giant cockroaches (D:2)
  12 goblins
  11 hobgoblins
  4 jackals (D:1)
  A ball python (D:4)
  6 bats
  2 frilled lizards
  5 kobolds
  8 rats
69 creatures vanquished.

Notes
Turn   | Place    | Note
-------+----------+-------------------------------------------
     0 | D:1      | TuxedoFelix the Minotaur Fighter began the quest for the Orb.
     0 | D:1      | Reached XP level 1. HP: 19/19 MP: 0/0
   226 | D:1      | Reached XP level 2. HP: 27/27 MP: 1/1
   949 | D:2      | Found a shattered altar of Ashenzari.
  1011 | D:2      | Noticed Natasha
  1018 | D:2      | Killed Natasha
  1018 | D:2      | Reached XP level 3. HP: 29/33 MP: 2/2
  1197 | D:2      | Noticed Natasha
  1213 | D:2      | Killed Natasha
  1213 | D:2      | Reached XP level 4. HP: 30/41 MP: 3/3
  1309 | D:2      | Noticed Natasha
  1311 | D:2      | Found a blossoming altar of Fedhas.
  1315 | D:2      | Killed Natasha
  1341 | D:2      | Noticed Robin
  1370 | D:2      | Killed Robin
  1370 | D:2      | Reached skill level 5 in Shields
  1541 | D:2      | Found a faded altar of an unknown god.
  1572 | D:2      | Reached XP level 5. HP: 46/47 MP: 4/4
  1699 | D:3      | Noticed TuxedoFelix's ghost (amateur MiFi)
  1706 | D:3      | Killed TuxedoFelix's ghost
  1706 | D:3      | Reached skill level 5 in Fighting
  1706 | D:3      | Reached skill level 5 in Armour
  1706 | D:3      | Reached XP level 6. HP: 50/56 MP: 5/5
  2415 | D:4      | Reached XP level 7. HP: 55/62 MP: 6/6
  2440 | D:4      | Noticed Menkaure
  2445 | D:4      | Killed Menkaure
  2527 | D:4      | Found a staircase to the Ecumenical Temple.
  2554 | Temple   | Entered the Ecumenical Temple
  2627 | Temple   | Splashed with acid

Skill      XL: |  1  2  3  4  5  6  7 |
---------------+----------------------+-----
Armour         | 4 5 6 |  6.2
Shields        | 4 5 6 |  6.3
Fighting       | 4 5 6 |  6.1
Long Blades    | 3 4 |  4.8

Action                   |  1- 3 |  4- 6 |  7- 9 || total
-------------------------+-------+-------+-------++-------
Melee: Long sword        |    70 |    90 |    20 ||   180
       Headbutt          |    15 |    17 |     4 ||    36
  Use: Scroll            |     1 |     2 |       ||     3
       Potion            |       |     3 |     1 ||     4
  Eat: Chunk             |     1 |     4 |     1 ||     6
Armor: Scale mail        |    19 |    31 |     4 ||    54
Dodge: Dodged            |    26 |    28 |    10 ||    64
Block: Shield            |    28 |    43 |    13 ||    84
       Rpst.: Long sword |     5 |     5 |     3 ||    13
